 Dungeon Sprint DCSS version 0.23.2-30-g0e89c35 (webtiles) character file.

Game seed: 5966260341405810751

800000 Fang the Warrior (level 13, -74/119 HPs)
             Began as a Demonspawn Gladiator on June 7, 2019.
             Was an Initiate of Makhleb.
             Annihilated by a meat berserker
             ... wielding a +9 battleaxe
              (75 damage)
             ... in the Dungeon (Sprint VIII: "Arena of Blood").
             The game lasted 00:00:15 (8 turns).

Fang the Warrior (Demonspawn Gladiator)                Turns: 8, Time: 00:00:16

Health: -74/119    AC:  3    Str: 23    XL:     13   Next: 0%
Magic:  13/13      EV: 24    Int: 10    God:    Makhleb [......]
Gold:   0          SH:  6    Dex: 16    Spells: 12/12 levels left

rFire    . . .     SeeInvis +   l - +∞ Axe of Woe
rCold    . . .     Gourm    .   (shield currently unavailable)
rNeg     . . .     Faith    .   b - +0 leather armour
rPois    .         Spirit   .   (helmet unavailable)
rElec    .         Reflect  .   (no cloak)
rCorr    .         Harm     .   (no gloves)
MR       .....     NoTele   +   (no boots)
Stlth    +.........             (no amulet)
HPRegen  0.29/turn              (no ring)
MPRegen  0.13/turn              (no ring)

@: mighty
A: antennae 3, large bone plates 2, powered by pain 1
a: Renounce Religion


You were in the Dungeon.
You worshipped Makhleb.
Makhleb was noncommittal.
You were not hungry.

You visited 1 branch

Inventory:

Hand Weapons
 a - a +0 war axe
 l - the +∞ Axe of Woe (weapon)
   (You found it in the Dungeon)
Missiles
 d - 3 throwing nets (quivered)
Armour
 b - a +0 leather armour (worn)
 c - a +0 helmet
Scrolls
 k - a scroll of blinking
Potions
 e - a potion of curing
 g - a potion of heal wounds
 h - a potion of haste
 i - 2 potions of magic
 j - a potion of berserk rage
Comestibles
 f - a ration


   Skills:
 + Level 16.8 Fighting
 + Level 15.7 Axes
 + Level 15.6 Throwing
 + Level 15.7 Dodging


You had 12 spell levels left.
You didn't know any spells.
Your spell library was empty.

Dungeon Overview and Level Annotations

Branches:
Dungeon (1/1)

Altars:
Makhleb


Innate Abilities, Weirdness & Mutations

You have a pair of large antennae on your head. (SInv)
You are mostly covered in large bone plates. (SH +6)
You sometimes gain a little power by taking damage.


Message History

Your demonic ancestry asserts itself...
Large bone plates spread over more of your arms.
You have reached level 12!
Your experience leads to an increase in your attributes!
Increase (S)trength, (I)ntelligence, or (D)exterity?
You feel stronger.
You feel agile.
You have reached level 13!
You hear a shout! x9
The meat berserker hits you with a +9 battleaxe!!!
You hear a shout! x3
The meat berserker hits you with a +9 battleaxe!!!
Ouch! That really hurt!
* * * LOW HITPOINT WARNING * * *
You focus on the pain.
You feel very mighty all of a sudden.
You hear a shout! x2
A bag of meat comes into view. It is wielding a +9 war axe.
The meat berserker hits you with a +9 battleaxe!!!!
Ouch! That really hurt!
You die...

..........
.........
.....o... #.....
.# .. #.o.. ..#
...###.O. ..###.
....o..O###......
#......O@_......
......#.O...#...
..... #_.<._#
.... #.....# #..
...o._......
.......O###......
..o###.o. ..###.
. #... ..# #...
.#


You could see 5 meat berserkers and 4 bags of meat.

Vanquished Creatures
  An ogre (D)
1 creature vanquished.

Notes
Turn   | Place    | Note
-------+----------+-------------------------------------------
     0 | D        | Found the +∞ Axe of Woe
     0 | D        | Fang the Demonspawn Gladiator began the quest for the Orb.
     0 | D        | Reached XP level 1. HP: 16/16 MP: 1/1
     2 | D        | Noticed a meat berserker
     2 | D        | Noticed a bag of meat
     4 | D        | Became a worshipper of Makhleb the Destroyer
     4 | D        | Noticed a bag of meat
     5 | D        | Noticed a meat berserker
     5 | D        | Noticed a bag of meat
     5 | D        | Noticed a meat berserker
     5 | D        | Noticed a bag of meat
     6 | D        | Noticed a meat berserker
     7 | D        | Noticed a meat berserker
     7 | D        | Noticed a bag of meat
     7 | D        | Noticed a meat berserker
     8 | D        | Killed a meat berserker
     8 | D        | Reached skill level 16 in Fighting
     8 | D        | Reached skill level 15 in Axes
     8 | D        | Reached skill level 15 in Throwing
     8 | D        | Reached skill level 15 in Dodging
     8 | D        | Gained mutation: You have a pair of small antennae on your
                  | head. [demonic ancestry]
     8 | D        | Reached XP level 2. HP: 46/46 MP: 2/2
     8 | D        | Gained mutation: You sometimes gain a little power by
                  | taking damage. [demonic ancestry]
     8 | D        | Reached XP level 3. HP: 52/52 MP: 3/3
     8 | D        | Reached XP level 4. HP: 59/59 MP: 4/4
     8 | D        | Reached XP level 5. HP: 66/66 MP: 5/5
     8 | D        | Gained mutation: You are partially covered in large bone
                  | plates. (SH +4) [demonic ancestry]
     8 | D        | Reached XP level 6. HP: 73/73 MP: 6/6
     8 | D        | Reached XP level 7. HP: 79/79 MP: 7/7
     8 | D        | Reached XP level 8. HP: 86/86 MP: 8/8
     8 | D        | Gained mutation: You have a pair of antennae on your head.
                  | [demonic ancestry]
     8 | D        | Reached XP level 9. HP: 92/92 MP: 9/9
     8 | D        | Gained mutation: You have a pair of large antennae on your
                  | head. (SInv) [demonic ancestry]
     8 | D        | Reached XP level 10. HP: 100/100 MP: 10/10
     8 | D        | Gained mutation: You are mostly covered in large bone
                  | plates. (SH +6) [demonic ancestry]
     8 | D        | Reached XP level 11. HP: 106/106 MP: 11/11
     8 | D        | Reached XP level 12. HP: 113/113 MP: 12/12
     8 | D        | Reached XP level 13. HP: 119/119 MP: 13/13
     8 | D        | HP: 1/119 [meat berserker/+9 battleaxe (63)]
     8 | D        | Noticed a bag of meat
     8 | D        | Annihilated by a meat berserker

Skill      XL: |  1 |
---------------+----+-----
Fighting       | 16 | 16.8
Axes           | 15 | 15.7
Throwing       | 15 | 15.6
Dodging        | 15 | 15.7

Action                   |  1- 3 |  4- 6 |  7- 9 | 10-12 | 13-15 || total
-------------------------+-------+-------+-------+-------+-------++-------
Melee: Executioner's axe |     1 |       |       |       |       ||     1
